Map: Blueshift LE

Players

PtitDrogo

  • Race: Protoss Protoss
  • League: Master
  • Spawn Location: 7:00

A.I. 1 (Very Easy) - Winner!

  • Race: Zerg Zerg
  • Spawn Location: 1:00

VOD

Have the link to the VOD?

Description

Time

  • Played on: Oct. 19, 2018, 6:28 p.m.
  • Length: 3:50
Show
View Real Time Build Order
Export as new Build Order

PtitDrogo Protoss 

Build Orders: Nexus First 

Get SALT Encoding   

  12  0:00  Probe  
  13  0:13  Probe  
  14  0:16  Pylon  
  14  0:23  Probe  
  15  0:31  Probe  
  15  0:40  Probe  
  17  0:51  Probe  
  18  0:59  Nexus  
  18  1:03  Probe  
  19  1:15  Probe  
  20  1:27  Probe  
  20  1:28  Pylon  
  21  1:39  Probe  
  22  1:51  Probe  
  23  2:04  Probe  
  24  2:11  Probe  
  25  2:16  Probe  
  26  2:23  Probe  
  26  2:28  Probe  
  28  2:35  Probe  
  29  2:40  Probe  
  30  2:48  Probe  
  31  2:52  Probe  
Show
View Real Time Build Order
Export as new Build Order

A.I. 1 (Very Easy) Zerg - Winner!

Build Orders: Pool Only 

Get SALT Encoding   

  12  0:00  Drone  
  13  0:12  Overlord  
  13  0:16  Drone  
  14  0:35  Spawning Pool  
  14  0:36  Extractor  
  14  0:39  Drone  
  13  0:47  Drone  
  14  0:51  Overlord  
  14  1:23  Zergling x2, Queen  
  17  1:30  Roach Warren  
  16  1:34  Drone  
  16  1:37  Extractor  
  16  1:41  Drone  
  17  1:49  Zergling x2  
  18  2:01  Drone  
  19  2:08  Drone  
  20  2:16  Zergling x2  
  20  2:17  Drone  
  22  2:27  Overlord  
  22  2:31  Drone  
  23  2:38  Drone  
  23  2:42  Roach  
  26  2:45  Drone  
Tags
 
Add a new tag
Caveats
  • Supply blocks, unpowered buildings, or Contaminate may cause inaccurate times.
  • Supply counts are checked every 10 seconds.